Description

This is one of HuShangs builds, a GM player with all 3 races. Has a great youtube channel and offer's coaching at reasonable rates.

VOD

https://www.youtube.com/watch?v=F_C9Vqv6lFE

Build Order

Get SALT Encoding   

  14  0:19  Pylon (Chrono Wargate research as much as possible)  
  16  0:37  Gateway  
  17  0:47  Assimilator (Rally probe straight to create Gas #1)  
  18  0:55  Assimilator (Rally probe straight to create Gas #2)  
  19  1:15  Gateway (20 Probes build 2nd Gate)  
  20  1:25  Cybernetics Core (Continue to send new probes to Gas until all gas is full)  
  22  1:32  Pylon (Build far enough back to hide 4Gate)  
  23  1:52  Probe (All gas/minerals should be Saturated, Send Probe to build proxy pylon/scout)  
  23  2:03  Stalker x2, Warp Gate (Chrono Boost) (Start Warp Gate/Build 2 Stalkers)  
  27  2:21  Stalker x2  
  31  2:33  Gateway x2 (Clear Scouting worker's before to hide 4 gates.)  
  31  2:40  Pylon (Proxy Pylon )  
  39  3:30  Stalker x4 (Proxy Warp-In 8 Stalkers @ 3:30)  
  39  3:37  Pylon  
  39  3:55  Stalker x4  
Spawning Tool Build Advisor. Get it on Overwolf

Analysis

This is a powerful all in attack that gives you 12 Stalker at 4 minutes into the game at the enemies base. Great for teaching you early game timing and production as well as how to micro well.

Go to:

Details

  • Created by: Paragon78x
  • Published on: Sep 05, 2020
  • Modified on: Sep 05, 2020
  • Patch: 4.11.0
  • Difficulty: Easy
Show
View Real Time Build Order
Export as new Build Order

Comments (2)

On Dec. 9, 2021, 11:29 a.m., Ketroc  said:

@vini It means cast chronoboost your cybernetics core (warp gate research) back-to-back as often as your nexus energy allows.

On March 31, 2021, 8:45 a.m., vinimagus  said:

Dear HuShang,

on "14 0:19 Pylon (Chrono Wargate research as much as possible)"

what does "(Chrono Wargate research as much as possible)" mean?

Thanks in advance!

vini, a Shanger

Create an account to comment!